[Event "Team 45 45 League T76"]
[Site "Internet Chess Club"]
[Date "2018.03.24"]
[Round "1"]
[White "Percival"]
[Black "Sloggi"]
[Result "1-0"]
[WhiteElo "2076"]
[BlackElo "1839"]
[Opening "QGD Slav: exchange variation"]
[ECO "D13"]
[Time "07:00:23"]
[TimeControl "2700+45"]

1. d4 d5 2. c4 c6 3. cxd5 cxd5 4. Nf3 Nf6 5. Nc3 Nc6 6. Bf4 e6 7. e3 Bb4 8. Bd3
O-O 9. h3 a6 10. Rc1 Bd7 11. O-O Rc8 12. a3 Bxc3 13. Rxc3 Na5 14. Qc2 Nc6 15.
Rc1 h6 16. b4 Qe7 17. Qb2 Na7 18. Rc7 Rb8 19. Bxa6 Qd8 20. Bxb7 Ne8 21. Rxd7
Qxd7 22. Bxb8 Qxb7 23. Bxa7 Qxa7 24. b5 Nd6 25. Qb4 Nc4 26. a4 Ra8 27. Ra1 Qa5
28. Qb3 Nb6 29. Ne5 Qd2 30. Nc6 {Black resigns} 1-0

[Event "Team 45 45 League T76"]
[Site "Internet Chess Club"]
[Date "2018.03.23"]
[Round "1"]
[White "Beetlejuice"]
[Black "limeinthecoke"]
[Result "0-1"]
[WhiteElo "1785"]
[BlackElo "1675"]
[Opening "Dutch defense, Rubinstein variation"]
[ECO "A40"]
[Time "14:31:34"]
[TimeControl "2700+45"]

1. d4 e6 2. c4 f5 3. Nc3 Nf6 4. Bf4 Bb4 5. e3 Bxc3+ 6. bxc3 b6 7. Bd3 O-O 8. h3
Bb7 9. Nf3 d6 10. O-O Qe8 11. Rb1 Nbd7 12. Bh2 Ne4 13. Qc2 Qg6 14. Rfc1 Nxc3 15.
Qxc3 Bxf3 16. Bf1 Bc6 17. Rb2 Rae8 18. Rd1 e5 19. d5 Bb7 20. f3 Nc5 21. Re2 Bc8
22. Kf2 Qh6 23. Ke1 Rf6 24. Kd2 a5 25. Kc2 Bd7 26. Rdd2 e4 27. f4 Rb8 28. Re1 b5
29. Qxa5 b4 30. Rb1 Rff8 31. Rxb4 Ra8 32. Qxc7 Rfc8 33. Qb6 Rxa2+ 34. Rb2 Na4
35. Qa7 Rxb2+ 36. Kc1 Qf6 37. Rxb2 Qxb2+ 38. Kd1 Qf2 39. Qxd7 Qxf1+ 40. Kd2 Rb8
41. Qxa4 Qf2+ 42. Kc1 Qxe3+ {White resigns} 0-1

[Event "Team 45 45 League T76"]
[Site "Internet Chess Club"]
[Date "2018.03.24"]
[Round "1"]
[White "idjit"]
[Black "Zugzwanged"]
[Result "0-1"]
[WhiteElo "1583"]
[BlackElo "1744"]
[Opening "French: Paulsen variation"]
[ECO "C10"]
[Time "10:06:55"]
[TimeControl "2700+45"]

1. e4 e6 2. d4 d5 3. Nc3 Nc6 4. exd5 exd5 5. Nf3 Nf6 6. Be2 Bg4 7. O-O Be7 8.
Re1 O-O 9. Ne5 Bxe2 10. Rxe2 Re8 11. Bf4 Nh5 12. Nxc6 bxc6 13. Bd2 Nf6 14. Bf4
Rb8 15. b3 Bb4 16. Qd3 Rxe2 17. Nxe2 Qc8 18. c3 Bd6 19. Re1 h6 20. Qe3 Qa6 21.
f3 Re8 22. Qd2 Rxe2 23. Qxe2 Qxe2 24. Rxe2 Bxf4 25. g3 Bd6 26. Kf2 c5 27. Ke3 c6
28. Kd3 cxd4 29. Kxd4 Kf8 30. b4 Nd7 31. a3 a6 32. c4 dxc4 33. Re3 Nb6 34. Kc3
{White resigns} 0-1

[Event "Team 45 45 League T76"]
[Site "Internet Chess Club"]
[Date "2018.03.22"]
[Round "1"]
[White "Yedixon"]
[Black "Demachaeron"]
[Result "1-0"]
[WhiteElo "1687"]
[BlackElo "1573"]
[Opening "Scandinavian (center counter) defense"]
[ECO "B01"]
[Time "21:30:35"]
[TimeControl "2700+45"]

1. e4 d5 2. exd5 Qxd5 3. Nc3 Qd8 4. Bc4 Nf6 5. d3 Nc6 6. Bg5 Bf5 7. Nge2 e6 8.
Qd2 Be7 9. f3 O-O 10. O-O-O a6 11. g4 Bg6 12. Nf4 Ne5 13. Qe2 Qd4 14. h4 h6 15.
Nxg6 Nxg6 16. Be3 Qd7 17. g5 Nh5 18. gxh6 Ng3 19. Qg2 Nxh1 20. h5 gxh6 21. hxg6
Kg7 22. Rxh1 Bg5 23. Bxg5 hxg5 24. gxf7 Qxf7 25. Qxg5+ Qg6 26. Qe5+ Rf6 27.
Qxc7+ Kg8 28. Ne2 Rf7 29. Qe5 Qf6 30. Qxe6 Kg7 31. Qxf7+ {Black resigns} 1-0

[Event "Team 45 45 League T76"]
[Site "Internet Chess Club"]
[Date "2018.03.24"]
[Round "1"]
[White "Agarnez"]
[Black "leandromorg"]
[Result "1-0"]
[WhiteElo "1929"]
[BlackElo "1702"]
[Opening "QGD: 3.Nc3"]
[ECO "D31"]
[Time "21:35:09"]
[TimeControl "2700+45"]

1. d4 d5 2. c4 e6 3. Nc3 f5 4. g3 Nf6 5. Bg5 c6 6. cxd5 exd5 7. Qc2 Bd6 8. Bh3
g6 9. e3 O-O 10. Nge2 Qe8 11. Bxf6 Rxf6 12. Bg2 Na6 13. h4 f4 14. gxf4 Nb4 15.
Qd2 Bf5 16. Kf1 Re6 17. Ng3 Bd3+ 18. Kg1 Ba6 19. a3 Nd3 20. Bf1 Nxf2 21. Kxf2
Bxf1 22. Raxf1 Qf7 23. Kg2 Rae8 24. Rf3 Qe7 25. f5 Rxe3 26. f6 Rxf3 27. fxe7
Rxg3+ 28. Kf2 Rxe7 29. Ne2 Rf7+ 30. Ke1 Rg2 31. Kd1 Rff2 32. Re1 Rf3 33. Qa5
Rd3+ 34. Kc1 Re3 35. Qd8+ Bf8 36. Rf1 {Black resigns} 1-0

[Event "Team 45 45 League T76"]
[Site "Internet Chess Club"]
[Date "2018.03.23"]
[Round "1"]
[White "MarcB"]
[Black "Signalman"]
[Result "1/2-1/2"]
[WhiteElo "1715"]
[BlackElo "1853"]
[Opening "Réti opening"]
[ECO "A04"]
[Time "15:06:54"]
[TimeControl "2700+45"]

1. Nf3 e6 2. g3 d5 3. Bg2 Nf6 4. O-O Be7 5. d3 h6 6. Re1 O-O 7. Nbd2 b6 8. e4
dxe4 9. Nxe4 Nxe4 10. Rxe4 Bb7 11. Re1 Bf6 12. c3 c5 13. Bf4 Nc6 14. d4 Ne7 15.
dxc5 bxc5 16. Qe2 Ng6 17. Be5 Nxe5 18. Nxe5 Bxg2 19. Kxg2 Bxe5 20. Qxe5 Qb6 21.
b3 Rad8 22. Rad1 Qc6+ 23. Kg1 c4 24. Rxd8 Rxd8 25. Qa5 Rd7 26. b4 Rd3 27. Qxa7
Rxc3 28. a4 Rb3 29. b5 Qd5 30. b6 c3 31. Qc7 Qa8 32. Rc1 Qxa4 33. b7 Qa7 34.
Rxc3 Rxb7 35. Qd8+ Kh7 36. Qd3+ g6 37. Kg2 Rc7 38. Rb3 Qa8+ 39. Kh3 Rc5 40. g4
h5 41. f3 Rd5 42. Qe4 f5 43. Qxe6 fxg4+ 44. fxg4 hxg4+ 45. Qxg4 Rh5+ 46. Kg3 Qd5
47. Qf3 Qxf3+ 48. Rxf3 Rg5+ 49. Kf2 Rb5 50. Rh3+ Kg7 51. Re3 Rb2+ 52. Kg3 Rb5
{Game drawn by mutual agreement} 1/2-1/2

[Event "Team 45 45 League T76"]
[Site "Internet Chess Club"]
[Date "2018.03.27"]
[Round "1"]
[White "elmaestro"]
[Black "nealbruce"]
[Result "0-1"]
[WhiteElo "1649"]
[BlackElo "1714"]
[Opening "King's gambit"]
[ECO "C30"]
[Time "18:05:12"]
[TimeControl "2700+45"]

1. e4 e5 2. f4 d6 3. f5 Qh4+ 4. g3 Qxe4+ 5. Qe2 Bxf5 6. Bg2 Qxe2+ 7. Nxe2 c6 8.
d3 Nf6 9. O-O Be6 10. Nbc3 h6 11. d4 exd4 12. Nxd4 Be7 13. Bd2 O-O 14. Rae1 Nbd7
15. Nxe6 fxe6 16. Rxe6 Rae8 17. Bf4 d5 18. Bd6 Bxd6 19. Rxd6 Re7 20. a3 Rfe8 21.
Bh3 Ne5 22. b3 Nf7 23. Rdxf6 gxf6 24. Rxf6 Kg7 25. Rf5 Re3 26. Rf4 {White
resigns} 0-1

[Event "Team 45 45 League T76"]
[Site "Internet Chess Club"]
[Date "2018.03.23"]
[Round "1"]
[White "Tobiasdelmonte"]
[Black "a-man"]
[Result "0-1"]
[WhiteElo "1651"]
[BlackElo "1696"]
[Opening "Sicilian defense"]
[ECO "B34"]
[Time "21:00:33"]
[TimeControl "2700+45"]

1. Nf3 c5 2. e4 Nc6 3. d4 cxd4 4. Nxd4 g6 5. Bc4 Bg7 6. c3 Nf6 7. Nd2 O-O 8. O-O
Nxd4 9. cxd4 Nxe4 10. Nxe4 d5 11. Bb3 dxe4 12. d5 Qd6 13. Re1 f5 14. Qe2 Bd7 15.
g3 Kh8 16. Bf4 Qb4 17. Rac1 Rac8 18. Bd2 Qd6 19. a3 Bxb2 20. Bb4 Qe5 21. Rxc8
Rxc8 22. Bxe7 Bc3 23. d6 Bxe1 24. Qxe1 Qb2 25. Qb4 e3 26. Kg2 Qxf2+ 27. Kh3 f4+
28. Kh4 Qxh2+ 29. Kg5 Qh5+ 30. Kxf4 Qg4+ 31. Kxe3 Qxg3+ 32. Kd4 Qf4+ 33. Kd3
Bf5+ 34. Ke2 Qe5+ 35. Kf2 Rc3 36. d7 Qe3+ 37. Kg2 Qe2+ {White resigns} 0-1

[Event "Team 45 45 League T76"]
[Site "Internet Chess Club"]
[Date "2018.03.25"]
[Round "1"]
[White "primerpaso"]
[Black "anna"]
[Result "0-1"]
[WhiteElo "1894"]
[BlackElo "1932"]
[Opening "English: Sicilian reversed"]
[ECO "A25"]
[Time "15:02:40"]
[TimeControl "2700+45"]

1. c4 e5 2. Nc3 Nc6 3. g3 Bc5 4. Bg2 a6 5. e3 d6 6. Nge2 Ba7 7. O-O h5 8. d4 h4
9. dxe5 hxg3 10. hxg3 Nxe5 11. Nd4 Qf6 12. Nd5 Qh6 13. Re1 Qh2+ 14. Kf1 Bh3 15.
Bxh3 Qxh3+ 16. Ke2 O-O-O 17. b3 Bxd4 18. Qxd4 Qf5 19. Rf1 c6 20. Nf4 Qg4+ 21. f3
Rh2+ {White resigns} 0-1

[Event "Team 45 45 League T76"]
[Site "Internet Chess Club"]
[Date "2018.03.22"]
[Round "1"]
[White "DineshB"]
[Black "ANGELLR"]
[Result "1-0"]
[WhiteElo "1294"]
[BlackElo "1855"]
[Opening "French: advance variation"]
[ECO "C02"]
[Time "20:00:11"]
[TimeControl "2700+45"]

1. e4 e6 2. d4 d5 3. e5 c5 4. c3 Qb6 5. a3 Nc6 6. Nf3 c4 7. Nbd2 Na5 8. Rb1 Bd7
9. g3 Ne7 10. Bg2 Nf5 11. O-O Be7 12. Re1 O-O 13. Nf1 Nb3 14. N3d2 Ba4 15. Nxb3
Qxb3 16. Qxb3 Bxb3 17. Nd2 Bc2 18. Ra1 b5 19. Nf1 a5 20. Bd2 h6 21. Bh3 Rfb8 22.
Bxf5 Bxf5 23. Ne3 Bd3 24. h4 Rb7 25. Nd1 b4 26. axb4 Rba7 27. bxa5 Rxa5 28. Rxa5
Rxa5 29. f3 Ra2 30. Bc1 Ra1 31. Nf2 Bg6 32. Kg2 Kf8 33. Kh3 Ke8 34. g4 h5 35. g5
Kd7 36. Nh1 Bf5+ 37. Kg2 g6 38. Ng3 Bd3 39. Nf1 Kc6 40. Nd2 Kb5 41. Kf2 Bd8 42.
f4 Ka4 43. Ke3 Kb5 44. Kf2 Bf5 45. Ke3 Be7 46. Kf2 Kc6 47. Ke3 Kd7 48. Kf2 Bf8
49. Ke3 Ke8 50. Kf2 Kd7 51. Ke3 Bg4 52. Kf2 Be7 53. Nf1 Bd8 54. Ne3 Bf5 55. Nxf5
gxf5 56. Ke2 Ke8 57. Kd2 Kf8 58. Kc2 Ba5 59. Bd2 Rxe1 60. Bxe1 Ke7 61. b3 cxb3+
62. Kxb3 Kd7 63. Ka4 Bd8 64. Kb5 Kc7 65. Bd2 Be7 66. Bc1 Kb7 67. c4 dxc4 68.
Kxc4 Kc6 69. Bb2 Bd8 70. Ba3 Ba5 71. d5+ exd5+ 72. Kd4 Bd2 73. e6 fxe6 74. g6
e5+ 75. Kd3 Bxf4 76. g7 e4+ 77. Ke2 d4 78. g8=Q d3+ 79. Kd1 Kb5 80. Qb3+ Kc6 81.
Qe6+ Kb5 82. Qxf5+ Kc4 83. Qxf4 Kd4 84. Bb2+ Kd5 85. Qe5+ Kc4 86. Qxe4+ Kb3 87.
Qxd3+ Kxb2 88. Qc4 Ka3 89. Qb5 Ka2 90. Kc2 Ka3 91. Qb3# {Black checkmated} 1-0

[Event "Team 45 45 League T76"]
[Site "Internet Chess Club"]
[Date "2018.03.23"]
[Round "1"]
[White "Portola"]
[Black "yuanbao2007"]
[Result "1-0"]
[WhiteElo "1725"]
[BlackElo "1156"]
[Opening "Queen's pawn game, Darooha variation "]
[ECO "D02"]
[Time "15:45:12"]
[TimeControl "2700+45"]

1. d4 d5 2. Nf3 Nf6 3. c3 c5 4. e3 Bg4 5. Be2 Nc6 6. Nbd2 e6 7. O-O Be7 8. Re1
O-O 9. dxc5 Bxc5 10. Nd4 Bxe2 11. Qxe2 Ne5 12. N4f3 Nxf3+ 13. Qxf3 Qd6 14. e4
Qe5 15. Re2 dxe4 16. Nxe4 Nxe4 17. Rxe4 Qd5 18. c4 Qd7 19. Be3 Bxe3 20. Rxe3
Rac8 21. Rd3 Qc6 22. Qxc6 Rxc6 23. b3 h5 24. Rd7 Rb8 25. Rad1 b5 26. cxb5 Rxb5
27. Rxa7 Rd5 28. Rf1 Rd2 29. b4 Rb2 30. a3 Rb3 31. g3 Rc2 32. Rd1 Ra2 33. Rd8+
Kh7 34. Rxf7 Raxa3 35. Rdd7 Rxb4 36. Rxg7+ Kh8 37. Rge7 Ra6 38. Re8# {Black
checkmated} 1-0

[Event "Team 45 45 League T76"]
[Site "Internet Chess Club"]
[Date "2018.03.25"]
[Round "1"]
[White "CMAlge"]
[Black "kabindra"]
[Result "0-1"]
[WhiteElo "1266"]
[BlackElo "1719"]
[Opening "Giuoco Piano"]
[ECO "C54"]
[Time "12:01:40"]
[TimeControl "2700+45"]

1. e4 e5 2. Nf3 Nc6 3. Bc4 Bc5 4. c3 Nf6 5. d4 exd4 6. cxd4 Bb6 7. d5 Ne7 8. Nc3
d6 9. h3 Ng6 10. O-O h6 11. Qe2 O-O 12. Be3 Ne5 13. Bxb6 axb6 14. Nxe5 dxe5 15.
Rad1 Bd7 16. b3 Qe7 17. d6 cxd6 18. Nd5 Nxd5 19. Bxd5 Bc6 20. Rc1 Qd7 21. Rc3
Bxd5 22. exd5 Rfc8 23. Rfc1 Rc5 24. R1c2 Rac8 25. Rc4 b5 26. Rxc5 Rxc5 27. Rxc5
dxc5 28. Qxe5 f6 29. Qe6+ Qxe6 30. dxe6 Kf8 31. f4 f5 32. g4 g6 33. Kf2 Ke7 34.
gxf5 gxf5 35. Ke3 Kxe6 36. Kd2 Kd5 37. Kd3 h5 38. a3 h4 39. Ke3 c4 40. b4 b6 41.
Ke2 Kd4 42. Kd2 c3+ 43. Kc2 Kc4 44. Kc1 Kb3 45. Kb1 Kxa3 46. Kc2 Kxb4 47. Kc1
Kc4 48. Kc2 b4 49. Kb1 Kd3 50. Kc1 b3 51. Kb1 Kd2 52. Ka1 c2 53. Kb2 c1=Q+ 54.
Kxb3 Qc3+ {White resigns} 0-1

[Event "Team 45 45 League T76"]
[Site "Internet Chess Club"]
[Date "2018.03.23"]
[Round "1"]
[White "Centralplay"]
[Black "JJ12"]
[Result "0-1"]
[WhiteElo "2178"]
[BlackElo "2105"]
[Opening "Benkö gambit"]
[ECO "A57"]
[Time "17:01:37"]
[TimeControl "2700+45"]

1. d4 Nf6 2. c4 c5 3. d5 b5 4. Qc2 b4 5. e4 d6 6. a3 Nbd7 7. Nf3 g6 8. Be2 Bg7
9. O-O O-O 10. Bf4 Qb6 11. Nbd2 Nh5 12. Bg5 bxa3 13. Rxa3 Qxb2 14. Qa4 Qb7 15.
Rb1 Qc7 16. Qc6 Qxc6 17. dxc6 Ndf6 18. h3 h6 19. Be3 g5 20. e5 Ne8 21. exd6 Nxd6
22. Bxc5 Nf4 23. Bf1 Bf5 24. Re1 Ne6 25. Bxa7 Nd8 26. Rxe7 Nxc6 27. Rc7 Nxa7 28.
Raxa7 Rxa7 29. Rxa7 Rc8 30. Ra6 Nb7 31. Nb3 Be6 32. Rb6 Nd8 33. Rd6 Nb7 34. Rb6
Nd8 35. Nbd2 Nc6 36. Ne4 Nd4 37. Nxd4 Bxd4 38. Rb4 Kg7 39. Nd6 Rd8 40. Nb5 Bc5
41. Rb1 Rd2 42. Kh1 Rxf2 43. Nc3 Bf5 44. Rd1 Bc2 45. Re1 Bb4 46. Kg1 Rf6 47. Rc1
Bxc3 48. Rxc2 Bd4+ {White resigns} 0-1

[Event "Team 45 45 League T76"]
[Site "Internet Chess Club"]
[Date "2018.03.24"]
[Round "1"]
[White "Monterrey"]
[Black "Percival"]
[Result "1/2-1/2"]
[WhiteElo "1986"]
[BlackElo "2072"]
[Opening "QGD Slav defense"]
[ECO "D10"]
[Time "20:02:01"]
[TimeControl "2700+45"]

1. d4 d5 2. c4 c6 3. Nc3 Nf6 4. e3 a6 5. Nf3 b5 6. b3 Bg4 7. Be2 e6 8. O-O Nbd7
9. Bb2 Be7 10. h3 Bh5 11. c5 O-O 12. b4 Qc7 13. Ne5 Bxe2 14. Nxe2 Rfe8 15. Qc2
Bf8 16. Ng3 g6 17. a4 Bg7 18. f4 Reb8 19. Bc3 Ne8 20. e4 f5 21. Nxd7 Qxd7 22. e5
Qb7 23. Ne2 Bf8 24. Bd2 Be7 25. Rf3 Nc7 26. a5 Kh8 27. g4 Rg8 28. g5 Kg7 29. Kg2
Rh8 30. Rg1 Rag8 31. Rg3 Qc8 32. Kf1 Kf7 33. Qd3 Bf8 34. Qf3 Bg7 35. Qg2 Qe8 36.
h4 Qc8 37. h5 Qe8 38. Rh1 Qc8 39. Ng1 Qe8 40. Nf3 Qc8 41. Rgh3 Qe8 42. Qh2 Qc8
43. Be3 Qe8 44. Bf2 Qc8 45. Nh4 Qe8 46. Be1 Ke7 47. Nf3 Kf7 48. Qg2 Qc8 49. R1h2
Qe8 50. Qh1 Qc8 51. Bf2 Qe8 52. Ke2 Qc8 53. Nh4 Qe8 54. Qf3 Ke7 55. Qh1 Kf7 56.
Qg2 Ke7 57. Nf3 Kf7 58. Rh1 Qc8 59. Be1 Qe8 60. Kf2 Na8 61. Qh2 Nc7 62. Kg3 Na8
63. Nh4 Ke7 64. Bf2 Nc7 65. Kf3 Na8 66. Qg2 Nc7 67. R1h2 Kf7 68. Qh1 Na8 69. Ng2
{Game drawn by mutual agreement} 1/2-1/2

[Event "Team 45 45 League T76"]
[Site "Internet Chess Club"]
[Date "2018.03.24"]
[Round "1"]
[White "MarcB"]
[Black "kaiclc"]
[Result "1-0"]
[WhiteElo "1717"]
[BlackElo "1273"]
[Opening "Réti: King's Indian attack"]
[ECO "A08"]
[Time "14:41:39"]
[TimeControl "2700+45"]

1. Nf3 d5 2. g3 c5 3. Bg2 Nc6 4. O-O e5 5. d3 Nf6 6. e4 Be6 7. exd5 Nxd5 8. Ng5
Be7 9. Nxe6 fxe6 10. Nd2 O-O 11. Qg4 Rf6 12. Ne4 Rg6 13. Qe2 Nd4 14. Qd1 Rc8 15.
c3 Nf5 16. Nd2 Nf4 17. Bxb7 Rb8 18. Be4 Nxd3 19. Nc4 Nxc1 20. Qxd8+ Rxd8 21.
Raxc1 Bf6 22. Rcd1 Rf8 23. Rd7 Rf7 24. Rfd1 h5 25. Rxf7 Kxf7 26. Nd6+ Ke7 27.
Nxf5+ exf5 28. Bxf5 Rh6 29. Rd7+ Ke8 30. Rxa7 Be7 31. Be4 c4 32. Bd5 Rb6 33. Rb7
Rf6 34. Kg2 Bc5 35. f3 g5 36. Rb5 Bb6 37. Be4 Rd6 38. Rxe5+ Kf8 39. Rxg5 Rd2+
40. Kh3 Bg1 41. Rxh5 Rxh2+ 42. Kg4 Rxb2 43. Rh8+ Kg7 44. Rc8 Rxa2 45. Rxc4 Rg2
46. f4 Rd2 47. Rc7+ Kf6 48. Rc6+ Ke7 49. c4 Rd1 50. f5 Bd4 51. Kf4 Rf1+ 52. Bf3
Re1 53. g4 Be3+ 54. Kg3 Bg5 55. Rg6 Bh4+ 56. Kxh4 {Black resigns} 1-0

[Event "Team 45 45 League T76"]
[Site "Internet Chess Club"]
[Date "2018.03.21"]
[Round "1"]
[White "Magagna"]
[Black "joebobpop"]
[Result "1-0"]
[WhiteElo "1838"]
[BlackElo "1920"]
[Opening "King's Indian: Sämisch, 5...O-O"]
[ECO "E81"]
[Time "20:10:14"]
[TimeControl "2700+45"]

1. d4 Nf6 2. c4 g6 3. Nc3 Bg7 4. e4 d6 5. f3 O-O 6. Bd3 e5 7. d5 a5 8. Nge2 Na6
9. Be3 Ne8 10. g4 b6 11. a3 Nc5 12. h4 f5 13. gxf5 gxf5 14. Bg5 Qd7 15. Rg1 fxe4
16. Bxe4 Nxe4 17. fxe4 Qh3 18. Qd2 h6 19. Bxh6 Qxh4+ 20. Kd1 Bg4 21. Bxg7 Nxg7
22. Kc2 Bxe2 23. Rh1 Bd3+ 24. Qxd3 Rf2+ 25. Kb3 a4+ 26. Ka2 Qf4 27. Raf1 Rf8 28.
Rxf2 Qxf2 29. Qh3 Rf3 30. Qc8+ Rf8 31. Qxc7 Qg2 32. Rh6 Qc2 33. Qxb6 Rf3 34.
Qb8+ Kf7 35. Qb7+ Kg8 36. Qb4 Ne8 37. Re6 Nf6 38. Qxa4 Qxa4 39. Nxa4 Nxe4 40. c5
dxc5 41. Rxe5 Re3 42. Re8+ Kf7 43. Rc8 Re2 44. Nxc5 Nc3+ 45. Kb3 Nxd5 46. Rh8
Ke7 47. Na4 Kd6 48. Nc3 Nxc3 49. Kxc3 Re3+ 50. Kc4 Kc6 51. Rh6+ Kb7 52. a4 Re4+
53. Kb5 Re5+ 54. Kb4 Re4+ 55. Ka3 Re3+ 56. b3 Re4 57. a5 Ka7 58. b4 Re1 59. Rc6
Ra1+ 60. Kb3 Kb7 61. Rc5 Rb1+ 62. Ka4 Ka6 63. Rc6+ Kb7 64. Rh6 Rd1 65. a6+ Ka7
66. Kb5 Rd5+ 67. Kc4 Rg5 68. b5 Rg4+ 69. Kc5 Rg5+ 70. Kc6 Rg7 71. Rd6 Rf7 72.
Rd7+ Rxd7 73. Kxd7 Kb8 74. Kc6 Ka7 75. Kc7 Ka8 76. a7 Kxa7 77. b6+ Ka6 78. b7
Ka5 79. b8=Q Ka4 80. Qb2 Ka5 81. Qb3 Ka6 82. Qb6# {Black checkmated} 1-0

[Event "Team 45 45 League T76"]
[Site "Internet Chess Club"]
[Date "2018.03.24"]
[Round "1"]
[White "gz99754539"]
[Black "jjimalo"]
[Result "1/2-1/2"]
[WhiteElo "1792"]
[BlackElo "1796"]
[Opening "Sicilian: Grand Prix attack"]
[ECO "B23"]
[Time "17:00:42"]
[TimeControl "2700+45"]

1. e4 c5 2. Nc3 Nc6 3. f4 g6 4. Nf3 Bg7 5. Bc4 e6 6. d3 Nge7 7. O-O O-O 8. Qe1
d5 9. Bb3 Nd4 10. Nxd4 cxd4 11. Ne2 dxe4 12. dxe4 Nc6 13. Ng3 Na5 14. e5 Nxb3
15. axb3 Qd5 16. Bd2 Bd7 17. Rd1 Bc6 18. Qf2 Rfd8 19. Ne2 Rd7 20. Bb4 Qb5 21.
Nxd4 Qb6 22. Bc3 Rad8 23. Rd2 Bf8 24. Rfd1 Bc5 25. b4 Bxd4 26. Rxd4 Rxd4 27.
Rxd4 Rxd4 28. Qxd4 Qb5 29. Qe3 Qd5 30. Qe2 Qe4 31. Qxe4 Bxe4 32. Bd4 Bxc2 33.
Bxa7 Be4 34. Bc5 Bc6 35. g3 Kg7 36. Kf2 h6 37. Ke3 Bg2 38. Kd4 Bf3 39. Be7 Bg2
40. Kc5 Bf3 41. b5 Be4 42. b6 Bf3 43. b4 Be4 44. Kd4 Bg2 45. Ke3 Bd5 46. Kf2 Be4
47. g4 Bd5 48. Kg3 Be4 49. g5 h5 50. h4 Bd5 51. Kf2 Be4 52. Ke3 Bg2 53. Kd4 Bf3
54. Kc5 Be4 55. Kd6 Bf3 56. Kc7 Be4 57. b5 Bf3 58. Kd8 Be4 59. Kc7 Bf3 60. Bf6+
Kf8 61. Kd8 Be4 62. Be7+ Kg8 63. Kc7 Bf3 64. Kd6 Be2 65. Kc5 Bf3 66. Kd4 Be2 67.
Ke4 Bxb5 68. f5 Bc6+ 69. Kf4 exf5 70. Ke3 Be4 71. Kd4 Bc6 72. Kc5 f4 73. Kb4 f3
74. Bc5 {Game drawn by mutual agreement} 1/2-1/2

[Event "Team 45 45 League T76"]
[Site "Internet Chess Club"]
[Date "2018.03.26"]
[Round "1"]
[White "suicidepawn"]
[Black "Goli"]
[Result "1-0"]
[WhiteElo "1835"]
[BlackElo "1656"]
[Opening "Pirc: classical (two knights) system"]
[ECO "B06"]
[Time "15:01:05"]
[TimeControl "2700+45"]

1. e4 g6 2. d4 Bg7 3. Nc3 d6 4. Nf3 Nf6 5. Be3 O-O 6. Qd2 Ng4 7. Bg5 h6 8. Bh4
Nd7 9. h3 Ngf6 10. e5 Nh7 11. exd6 cxd6 12. Bd3 a6 13. O-O Nhf6 14. Rfe1 e6 15.
Rad1 d5 16. Ne5 g5 17. Bg3 Nh5 18. Ne2 Nxg3 19. Nxg3 Nxe5 20. dxe5 f5 21. exf6
Qxf6 22. c3 Qf7 23. Qc2 Bh8 24. Bg6 Qc7 25. Nh5 d4 26. Qb3 dxc3 27. Rxe6 Bxe6
28. Qxe6+ Rf7 29. bxc3 Rf8 30. Rd6 Qe7 31. Bh7+ Kxh7 32. Qg6# {Black checkmated}
1-0

[Event "Team 45 45 League T76"]
[Site "Internet Chess Club"]
[Date "2018.03.24"]
[Round "1"]
[White "Egmont"]
[Black "ILRE"]
[Result "0-1"]
[WhiteElo "1648"]
[BlackElo "1625"]
[Opening "QGD semi-Slav: 5...Nd7"]
[ECO "D45"]
[Time "11:08:06"]
[TimeControl "2700+45"]

1. d4 d5 2. c4 c6 3. Nc3 Nf6 4. e3 e6 5. Nf3 Nbd7 6. b3 Bb4 7. Bd2 O-O 8. Bd3
Ba5 9. O-O Re8 10. e4 Bxc3 11. Bxc3 dxe4 12. Bc2 exf3 13. Qxf3 Nf8 14. Rad1 Qc7
15. Rfe1 Bd7 16. d5 cxd5 17. Bxf6 gxf6 18. Qxf6 Qd8 19. Qh6 Ng6 20. Re5 f5 21.
Bxf5 exf5 22. Rexd5 Qe7 23. h3 Bc6 24. Rxf5 Qe4 25. Rg5 Re5 26. Rg3 Rae8 27. f4
Rf5 28. Rxg6+ hxg6 29. Qxg6+ Kf8 30. Qh6+ Kf7 31. Qh7+ Ke6 32. Qg6+ Ke7 33. Qg7+
Ke6 34. Qg6+ Rf6 35. Qg4+ Qf5 36. Re1+ Kf7 {White resigns} 0-1

[Event "Team 45 45 League T76"]
[Site "Internet Chess Club"]
[Date "2018.03.23"]
[Round "1"]
[White "RD1974"]
[Black "AVEMARIA"]
[Result "1/2-1/2"]
[WhiteElo "1627"]
[BlackElo "1571"]
[Opening "Caro-Kann: anti-anti-Caro-Kann defense"]
[ECO "B10"]
[Time "18:01:00"]
[TimeControl "2700+45"]

1. e4 c6 2. c4 d5 3. cxd5 cxd5 4. exd5 Nf6 5. Nc3 Nxd5 6. Nf3 e6 7. Bb5+ Bd7 8.
Bc4 Bc6 9. O-O Be7 10. Ne5 O-O 11. Nxc6 Nxc6 12. d4 Nxc3 13. bxc3 Qa5 14. Qf3
Rad8 15. Bd3 Bf6 16. Rb1 Qc7 17. Bf4 e5 18. Bh6 Rd6 19. Qe4 g6 20. Bxf8 Kxf8 21.
d5 Ne7 22. c4 Bg7 23. Qe3 b6 24. Rfc1 f5 25. f4 Bh6 26. Qxe5 Qc5+ 27. Kf1 Bg7
28. Qe2 Qd4 29. g3 Rd7 30. Bc2 Nc8 31. Qd3 Qc5 32. Re1 Nd6 33. Bb3 Ne4 34. Rxe4
fxe4 35. Qxe4 Re7 36. Qf3 Re3 37. Qg2 Bc3 38. d6 Qxd6 39. Qa8+ Kg7 40. Qd5 Qb4
41. Kf2 Re7 42. Rd1 Be1+ 43. Kg2 Qc3 44. Qg5 Qf6 45. Qd5 Bb4 46. Qd4 Re2+ 47.
Kf3 Qxd4 48. Rxd4 Rd2 49. Rd5 Rxd5 50. cxd5 Kf6 51. Ke4 h6 52. h3 Be1 53. g4 Bb4
54. h4 Bd6 55. Ba4 Ke7 56. h5 gxh5 57. gxh5 Kf6 58. Be8 a5 59. a4 Be7 60. Bd7
Bc5 61. Kd3 Bd6 62. Kc4 Bxf4 63. Kb5 Be3 64. Kc6 Ke5 65. Be6 Bc5 66. Kd7 {Game
drawn by mutual agreement} 1/2-1/2

[Event "Team 45 45 League T76"]
[Site "Internet Chess Club"]
[Date "2018.03.22"]
[Round "1"]
[White "tightfist"]
[Black "losscause"]
[Result "1/2-1/2"]
[WhiteElo "1490"]
[BlackElo "1441"]
[Opening "Réti opening"]
[ECO "A05"]
[Time "21:01:59"]
[TimeControl "2700+45"]

1. Nf3 Nf6 2. b4 g6 3. Bb2 Bg7 4. e4 d6 5. c4 O-O 6. d3 e5 7. Be2 Nc6 8. a3 Ne7
9. Nc3 Bd7 10. O-O c6 11. Rb1 Nh5 12. d4 Nf4 13. d5 Nxe2+ 14. Qxe2 cxd5 15. cxd5
a6 16. Qe3 f5 17. Rfd1 f4 18. Qd3 h6 19. a4 g5 20. b5 g4 21. Ne1 Qb6 22. Ba1 g3
23. Rd2 gxf2+ 24. Rxf2 a5 25. Kf1 Bf6 26. Nf3 Ng6 27. Rc1 Rac8 28. Rfc2 Nh4 29.
Ne2 Kh7 30. Rxc8 Rxc8 31. Rxc8 Bxc8 32. Nxh4 Bxh4 33. g3 Bh3+ 34. Ke1 fxg3 35.
hxg3 Bg5 36. Bc3 Qc7 37. Bd2 Qf7 38. Ng1 Bxd2+ 39. Kxd2 Qf2+ 40. Ne2 Bf1 41. Qe3
Qxe3+ 42. Kxe3 Bxe2 43. Kxe2 b6 44. Kf3 Kg7 45. Kg4 Kg6 46. Kh4 h5 {Game drawn
by mutual agreement} 1/2-1/2

[Event "Team 45 45 League T76"]
[Site "Internet Chess Club"]
[Date "2018.03.25"]
[Round "1"]
[White "zepled37"]
[Black "nathanpillay"]
[Result "0-1"]
[WhiteElo "1704"]
[BlackElo "1706"]
[Opening "French: advance, Paulsen attack"]
[ECO "C02"]
[Time "08:09:27"]
[TimeControl "2700+45"]

1. e4 e6 2. d4 d5 3. e5 c5 4. c3 Nc6 5. Nf3 Qb6 6. a3 Nh6 7. b4 cxd4 8. cxd4 Nf5
9. Bb2 Bd7 10. Be2 h5 11. h4 Be7 12. Kf1 Rc8 13. g3 f6 14. Bd3 fxe5 15. Bxf5
exf5 16. dxe5 Be6 17. Nc3 O-O 18. Ne2 Rcd8 19. Ned4 Bd7 20. Kg2 f4 21. Re1 Bg4
22. Qd3 fxg3 23. fxg3 a5 24. b5 Nxd4 25. Nxd4 Bc5 26. Rf1 Bxd4 27. Bxd4 Qe6 28.
Rxf8+ Rxf8 29. Ra2 Bf3+ 30. Kh2 Be4 31. Qd1 Rf3 32. Qg1 Qg4 33. Rf2 Rxa3 34.
Rf8+ Kxf8 35. Bc5+ Kg8 36. Bxa3 Qe2+ 37. Kh3 Bf5+ 38. g4 Bxg4+ {White resigns}
0-1